[Event "Early-Titled-Tuesday-Blitz-November-28-2023"]
[Site "Chess.com"]
[Date "2023.11.28"]
[Round "5"]
[White "lrestevez"]
[Black "AjedrezenMadrid"]
[Result "1-0"]
[WhiteElo "2183"]
[BlackElo "2361"]
[TimeControl "180+1"]
[EndTime "8:57:26 PST"]
[Termination "lrestevez won by resignation"]

1. e4 c5 2. Nf3 e6 3. c4 Nc6 4. Nc3 g5 5. d4 g4 6. d5 gxf3 7. dxc6 fxg2 8. cxd7+ Qxd7 9. Qxd7+ Bxd7 10. Bxg2 Bg7 11.
Bd2 Ne7 12. O-O-O Nc6 13. Nb5 Ke7 14. Bg5+ f6 15. Bf4 e5 16. Be3 Nd4 17. Nc7 Rac8 18. Nd5+ Kf7 19. Kb1 h5 20. f4 Bg4 21. Rde1 h4 22.
fxe5 fxe5 23. Rhf1+ Ke6 24. Bxd4 cxd4 25. b3 Rcf8 26.
Kc2 h3 27. Bh1 Be2 28. Rxf8 d3+ 29. Kc3 Rxf8 30. Nb4 Rf2 31. Nxd3 Rxh2 32. Nc5+ Ke7 33. Nxb7 Bf6 34. c5 Bh4 35. Rg1 Bf2 36. Rc1 Bd4+ 37. Kb4 Ba6 38. c6 Rg2 39. Bxg2 hxg2 40. Nc5 Bf1 41. c7 a5+ 42. Kxa5 g1=Q 43. c8=Q 1-0

[Event "Early-Titled-Tuesday-Blitz-November-28-2023"]
[Site "Chess.com"]
[Date "2023.11.28"]
[Round "5"]
[White "Fonsofan"]
[Black "Rud_Makarian"]
[Result "0-1"]
[WhiteElo "2739"]
[BlackElo "2988"]
[TimeControl "180+1"]
[EndTime "8:57:29 PST"]
[Termination "Rud_Makarian won by resignation"]

1. e4 c5 2. Nf3 d6 3. Bb5+ Nd7 4.
O-O a6 5. Bxd7+ Bxd7 6. d4 cxd4 7. Qxd4 Rc8 8. c4 b5 9. cxb5 axb5 10. Nc3 e5 11. Qd3 b4 12. Nd5 Qa5 13. Rd1 Nf6 14.
Nxf6+ gxf6 15. Nh4 Be7 16. Be3 Qb5 17. Qd2 O-O 18. Rac1 Rxc1 19. Rxc1 Rc8 20. Rxc8+ Bxc8 21. Bh6 Bf8 22. Bxf8 Kxf8 23. Qxd6+ Kg7 24. h3 Qc4 25. f3 Qc1+ 26. Kh2 Qxb2 27. Qc7 Be6 28. Qc5 Qc3 29. Qd6 Qd4 30. Qxd4 exd4 31. Nf5+ Bxf5 32. exf5 0-1

[Event "Early-Titled-Tuesday-Blitz-November-28-2023"]
[Site "Chess.com"]
[Date "2023.11.28"]
[Round "5"]
[White "Good_Knight_Kiss"]
[Black "Statham_l3"]
[Result "1-0"]
[WhiteElo "2339"]
[BlackElo "2567"]
[TimeControl "180+1"]
[EndTime "8:57:29 PST"]
[Termination "Good_Knight_Kiss won on time"]

1. e4 a6 2. d4 b5 3. Nf3 Bb7 4. Bd3 e6 5. O-O d5 6. e5 c5 7. c3 Nc6 8. Be3 c4 9. Bc2 a5 10. Nbd2 Nge7 11. Re1 h6 12. Nf1 Nf5 13. Ng3 g6 14. Qd2 Nh4 15. Nxh4 Qxh4 16. f4 h5 17. f5 Be7 18. fxg6 fxg6 19. Bxg6+ Kd7 20. Rf1 Rhg8 21.
Rf4 Qg5 22. Rf6 Qg4 23. Bxh5 Qh4 24. Rh6 Kc7 25. Bf7 Qg4 26. Bxe6 Qg7 27. Nf5 1-0

[Event "Early-Titled-Tuesday-Blitz-November-28-2023"]
[Site "Chess.com"]
[Date "2023.11.28"]
[Round "5"]
[White "Lady_Nika"]
[Black "KaydenTroffChess"]
[Result "0-1"]
[WhiteElo "2576"]
[BlackElo "2784"]
[TimeControl "180+1"]
[EndTime "8:57:30 PST"]
[Termination "KaydenTroffChess won on time"]

1. e4 c5 2. Nc3 g6 3. g3 Bg7 4. Bg2 Nc6 5. d3 Rb8 6. f4 b5 7. Nf3 b4 8. Ne2 e6 9. O-O d5 10. Rb1 Nge7 11. Be3 Qa5 12. Nc1 c4 13. dxc4 dxc4 14.
Nd2 Ba6 15. Re1 O-O 16. Bf1 Rfd8 17. Qg4 Nd4 18. Nxc4 Bxc4 19. Bxc4 Nxc2 20. Nb3 Qc7 21. Bf1 Nxe1 22. Rxe1 Bxb2 23. h4 a5 24. Nc5 Bd4 25.
Bxd4 Rxd4 26. Nb3 Qc3 27. Re2 Rd3 28. Kh2 a4 29. Na5 b3 30. axb3 Qxa5 31. h5 axb3 32. h6 Qh5+ 33. Qxh5 gxh5 34. Rg2 Rc3 35. g4 hxg4 36.
Rxg4+ Ng6 37. f5 b2 38. fxg6 hxg6 39. h7+ Kxh7 40. Rh4+ Kg7 0-1

[Event "Early-Titled-Tuesday-Blitz-November-28-2023"]
[Site "Chess.com"]
[Date "2023.11.28"]
[Round "5"]
[White "RobertJFischer71"]
[Black "The_Straightforward_Rook"]
[Result "1-0"]
[WhiteElo "2620"]
[BlackElo "2468"]
[TimeControl "180+1"]
[EndTime "8:57:30 PST"]
[Termination "RobertJFischer71 won by resignation"]

1. e4 c6 2. Nf3 d5 3. Nc3 dxe4 4.
Nxe4 Nf6 5. Qe2 Nxe4 6. Qxe4 Nd7 7. Bc4 Nf6 8. Ne5 e6 9. Qe2 b5 10. Bd3 Qc7 11. b3 Bb7 12. Bb2 Bd6 13. O-O h5 14. f4 h4 15. f5 O-O-O 16. fxe6 fxe6 17.
a4 a6 18. h3 Rh5 19. Ng6 Rg5 20. Qxe6+ Kb8 21. Bxf6 gxf6 22. Qxf6 Bh2+ 23. Kh1 c5 24. Qxg5 Bg3 25. Be2 Rg8 26. Bf3 Bxf3 27. Rxf3 Qg7 28. Rf6 Re8 29. axb5 Re6 30. Raf1 Re5 31. Rf8+ Ka7 32.
R8f7+ Kb6 33. Qd8+ Kxb5 34. Rxg7 1-0

[Event "Early-Titled-Tuesday-Blitz-November-28-2023"]
[Site "Chess.com"]
[Date "2023.11.28"]
[Round "5"]
[White "talaicito"]
[Black "salomez"]
[Result "0-1"]
[WhiteElo "2210"]
[BlackElo "2405"]
[TimeControl "180+1"]
[EndTime "8:57:30 PST"]
[Termination "salomez won on time"]

1. d4 e6 2. e4 d5 3. e5 Bd7 4. c3 a6 5. a4 c6 6. Nf3 c5 7. Bd3 cxd4 8. cxd4 Nc6 9. Nc3 Qb6 10.
Bb1 h6 11. O-O g5 12. h3 Bg7 13. Re1 Nge7 14. Bc2 O-O-O 15. Rb1 Nb4 16. Bb3 Nf5 17. Be3 f6 18. Rc1 Kb8 19. Qd2 Nxe3 20. Qxe3 f5 21. a5 Qxa5 22. Ra1 Qb6 23. Na4 Bxa4 24. Rxa4 Rhe8 25.
Rea1 Rc8 26. Qd2 Bf8 27. Bd1 Rc7 28. Ne1 Rec8 29. Kh2 Be7 30. Be2 Nc2 0-1

[Event "Early-Titled-Tuesday-Blitz-November-28-2023"]
[Site "Chess.com"]
[Date "2023.11.28"]
[Round "5"]
[White "AC_20"]
[Black "C_K_G"]
[Result "0-1"]
[WhiteElo "2356"]
[BlackElo "2176"]
[TimeControl "180+1"]
[EndTime "8:57:30 PST"]
[Termination "C_K_G won on time"]

1. e4 c5 2. Nf3 d6 3. d4 cxd4 4.
Nxd4 Nf6 5. Nc3 a6 6. Be3 e5 7.
Nb3 Be6 8. f3 Be7 9. Be2 Nbd7 10. Qd2 O-O 11. O-O-O b5 12. g4 Qc7 13. g5 Nh5 14. Kb1 Nb6 15. Na5 Nc4 16. Bxc4 bxc4 17. Nd5 Bxd5 18. Qxd5 c3 19. b3 Rfc8 20. Nc4 Nf4 21.
Bxf4 exf4 22. h4 Rab8 23. Ka1 Rb5 24. Qd4 d5 25. exd5 Bd6 26. Rhe1 Rc5 27. Qxc3 g6 28. h5 gxh5 29. Qf6 Rxc4 0-1

[Event "Early-Titled-Tuesday-Blitz-November-28-2023"]
[Site "Chess.com"]
[Date "2023.11.28"]
[Round "5"]
[White "Aleksandar-Topalov"]
[Black "noblerone"]
[Result "1-0"]
[WhiteElo "2387"]
[BlackElo "2514"]
[TimeControl "180+1"]
[EndTime "8:57:31 PST"]
[Termination "Aleksandar-Topalov won on time"]

1. b3 d5 2. Bb2 Nf6 3. Nf3 Bg4 4. g3 Bxf3 5. exf3 e6 6. d4 h5 7. h4 Nbd7 8. Bd3 c6 9. O-O Bd6 10.
Nd2 Qc7 11. Kg2 O-O-O 12. f4 Ng4 13. c4 f6 14. Nf3 Kb8 15. Re1 Rde8 16. Rc1 Bb4 17. Re2 dxc4 18. bxc4 Re7 19. Rb1 Rd8 20. Qb3 Ba5 21. Ba3 Ree8 22. Bg6 Ka8 23. Bxh5 Nh6 24.
Bxe8 Rxe8 25. d5 e5 26. fxe5 fxe5 27. Qa4 e4 28. dxc6 exf3+ 29. Kxf3 Rxe2 30. Kxe2 Qxc6 31. Qxc6 bxc6 32. Bd6 Bb6 33. f3 Nf5 34. Bf4 Nd4+ 35. Ke3 Ne6+ 36. Ke4 Ndc5+ 37. Kf5 Nd4+ 38. Kg6 Nce6 39.
Be5 Nxf3 40. Bxg7 Kb7 41. h5 1-0

[Event "Early-Titled-Tuesday-Blitz-November-28-2023"]
[Site "Chess.com"]
[Date "2023.11.28"]
[Round "5"]
[White "LimeInTheCoconut"]
[Black "jamengrand"]
[Result "0-1"]
[WhiteElo "2401"]
[BlackElo "2258"]
[TimeControl "180+1"]
[EndTime "8:57:31 PST"]
[Termination "jamengrand won on time"]

1. e4 Nc6 2. Nf3 d6 3. d4 Nf6 4. d5 Nb8 5. Nc3 g6 6. Bc4 Bg7 7. O-O O-O 8. a4 c6 9. dxc6 Nxc6 10. h3 Be6 11. Qe2 Bxc4 12. Qxc4 Rc8 13. Qb5 Nd7 14.
Qxb7 Nc5 15. Qb5 Qd7 16. Qe2 Nb4 17. Nd5 Nxd5 18. exd5 Nxa4 19. c3 Rc7 20. Be3 Rb8 21.
Ra2 Rcb7 22. Bc1 h6 23. Qc2 Rb3 24. Nd2 Nc5 25. Nxb3 Nxb3 26. Be3 Rb7 27. Ra3 Qb5 28. c4 Qb4 29. Rxa7 Rxa7 30. Bxa7 Nd2 31. Rc1 Bxb2 32. Rd1 Nxc4 33. Qe4 Qb3 34. Rb1 Nd2 35. Qxe7 Nxb1 0-1

[Event "Early-Titled-Tuesday-Blitz-November-28-2023"]
[Site "Chess.com"]
[Date "2023.11.28"]
[Round "5"]
[White "elmusmolamas"]
[Black "sumopork"]
[Result "0-1"]
[WhiteElo "2598"]
[BlackElo "2830"]
[TimeControl "180+1"]
[EndTime "8:57:32 PST"]
[Termination "sumopork won by resignation"]

1. e4 g6 2. h4 d5 3. exd5 Nf6 4. Nc3 Bg7 5. Bb5+ Nbd7 6. Be2 h5 7. Nh3 Nb6 8. Ng5 Nbxd5 9. Bf3 c6 10. O-O Bf5 11. d3 O-O 12. Bd2 e6 13. Nce4 Ng4 14. c4 Ndf6 15.
Bc3 Nh7 16. Bxg7 Kxg7 17. Qd2 Nxg5 18. Qc3+ e5 19. Bxg4 Nxe4 20. dxe4 Bxg4 21. Qxe5+ Qf6 22. Qg3 Be6 23. b3 Rad8 24. f4 Bg4 25. Rae1 Rd2 26. f5 Qd4+ 27. Kh2 Re8 28. Qf4 Qe5 29. fxg6 fxg6 30.
Kg1 Qxf4 31. Rxf4 Rf8 32. Rxf8 Kxf8 33. e5 Ke7 0-1

[Event "Early-Titled-Tuesday-Blitz-November-28-2023"]
[Site "Chess.com"]
[Date "2023.11.28"]
[Round "5"]
[White "Niilo1"]
[Black "brm72"]
[Result "1-0"]
[WhiteElo "2313"]
[BlackElo "2525"]
[TimeControl "180+1"]
[EndTime "8:57:32 PST"]
[Termination "Niilo1 won on time"]

1. e4 c5 2. Nf3 d6 3. d4 cxd4 4.
Nxd4 Nf6 5. Nc3 a6 6. Qd3 Nbd7 7.
Be2 b5 8. a4 Nc5 9. Qe3 b4 10.
Nd5 Nfxe4 11. a5 Bb7 12. Nb6 Rb8 13. c3 bxc3 14. bxc3 g6 15. Rb1 Bg7 16. f3 Nf6 17. c4 O-O 18. O-O Qc7 19. Rd1 Rfe8 20. Nb3 Nfd7 21. Nxd7 Nxd7 22. Ba3 Ne5 23. c5 dxc5 24.
Bxc5 Qc6 25. Rdc1 Qa4 26. Bb6 Rbc8 27. Nc5 Rxc5 28. Rxc5 Nd7 29. Rc4 Qa2 30. Qb3 Qxe2 31. Rc7 Nxb6 32. axb6 Bd4+ 33. Kh1 e5 34. Qxf7+ 1-0

[Event "Early-Titled-Tuesday-Blitz-November-28-2023"]
[Site "Chess.com"]
[Date "2023.11.28"]
[Round "5"]
[White "Tobias_Koelle"]
[Black "IwkooO"]
[Result "0-1"]
[WhiteElo "2846"]
[BlackElo "2663"]
[TimeControl "180+1"]
[EndTime "8:57:33 PST"]
[Termination "IwkooO won on time"]

1. d4 Nf6 2. Nf3 g6 3. g3 Bg7 4. Bg2 d5 5. O-O O-O 6. c4 dxc4 7. Na3 c3 8. bxc3 c5 9. Bf4 Nc6 10. e3 Nd5 11. Qb3 Nxf4 12. gxf4 Qa5 13. Nc4 Qa6 14. Nfe5 Nxe5 15. Nxe5 Bxe5 16. fxe5 Rb8 17. Rfd1 Bg4 18. f3 Bd7 19. d5 Ba4 20. Qb2 Bxd1 21. Rxd1 Rfd8 22. e4 b5 23. Bf1 Qb6 24. Kg2 a5 25. f4 c4 26. f5 Qe3 27. Qe2 Qxc3 28.
e6 fxe6 29. fxe6 Qe5 30. a4 bxa4 31. Qxc4 Rb2+ 32. Be2 Rf8 33. d6 Qg5+ 34. Kh1 Rf2 35. Qc8+ Kg7 36. Qc3+ Kh6 37. Qh3+ Kg7 38. d7 Rb8 39.
Qc3+ Qf6 40. Qxf6+ Kxf6 41. Bg4 Rd8 42. Rc1 Rb2 43.
Rc5 a3 44. e5+ Kg5 45. Rc8 a2 0-1

[Event "Early-Titled-Tuesday-Blitz-November-28-2023"]
[Site "Chess.com"]
[Date "2023.11.28"]
[Round "5"]
[White "elohunter1999"]
[Black "FairChess_on_YouTube"]
[Result "0-1"]
[WhiteElo "2711"]
[BlackElo "3084"]
[TimeControl "180+1"]
[EndTime "8:57:34 PST"]
[Termination "FairChess_on_YouTube won by resignation"]

1. c4 e5 2. g3 g6 3. Nc3 Bg7 4. Bg2 Ne7 5. d3 O-O 6. h4 h5 7. Nf3 c6 8. Bg5 d6 9. Qc1 Bg4 10. Nh2 Be6 11. Bh6 d5 12. cxd5 cxd5 13. g4 hxg4 14.
h5 Bxh6 15. Qxh6 Nf5 16. Qd2 g3 17. Ng4 gxf2+ 18. Kxf2 Qb6+ 19. Ke1 d4 20. Ne4 Ne3 21. Ngf6+ Kg7 22. hxg6 Nd7 23. Nh5+ Kxg6 24. Kf2 f5 25. Neg3 Nf6 26. Rag1 Nfg4+ 27. Ke1 Rac8 28. Bf3 Rc2 29. Bxg4 fxg4 30. Ne4 Rxd2 31. Nxd2 Qxb2 0-1

[Event "Early-Titled-Tuesday-Blitz-November-28-2023"]
[Site "Chess.com"]
[Date "2023.11.28"]
[Round "5"]
[White "RebecaJimnz"]
[Black "StellarChessPro"]
[Result "1-0"]
[WhiteElo "2317"]
[BlackElo "2527"]
[TimeControl "180+1"]
[EndTime "8:57:34 PST"]
[Termination "RebecaJimnz won by resignation"]

1. e4 a6 2. d4 c6 3. Nf3 d5 4. Nc3 dxe4 5. Nxe4 Nf6 6. Nxf6+ exf6 7. c3 Bd6 8. Bd3 O-O 9. Qc2 h6 10. Be3 Nd7 11. O-O-O Qa5 12. Kb1 b5 13. Nd2 Qc7 14. Ne4 Be7 15. h4 a5 16. g4 b4 17. c4 c5 18. Qe2 a4 19. g5 f5 20. gxh6 g6 21.
Ng5 b3 22. a3 Bf6 23. h5 cxd4 24. hxg6 dxe3 25. gxf7+ Kh8 26. Ne6 Qe5 27. Nxf8 Nxf8 28. Rdg1 Be6 29. Rg8+ Kh7 30. f4 Qd4 31. Qg2 Qxb2+ 32.
Qxb2 Bxb2 33. Kxb2 Rd8 34. Rg7+ Kh8 35. Bb1 Rd2+ 36.
Kc3 Rd8 37. h7 Kxg7 38. h8=Q+ Kxf7 39. Rh7+ Nxh7 40. Qxd8 Nf6 41. Qc7+ Kg6 42. Qe5 Kf7 43. Qxe3 Ng4 44. Qa7+ Kf6 45. Qxa4 Nf2 46. Qxb3 Ne4+ 47.
Bxe4 fxe4 48. Qd1 1-0

[Event "Early-Titled-Tuesday-Blitz-November-28-2023"]
[Site "Chess.com"]
[Date "2023.11.28"]
[Round "5"]
[White "szachuspl"]
[Black "Magila31"]
[Result "1-0"]
[WhiteElo "2524"]
[BlackElo "2359"]
[TimeControl "180+1"]
[EndTime "8:57:34 PST"]
[Termination "szachuspl won on time"]

1. d4 Nf6 2. c4 g6 3. Nc3 Bg7 4.
e4 O-O 5. Be2 d6 6. Bg5 c5 7. d5 e6 8. Qd2 exd5 9. cxd5 Re8 10.
f3 Nbd7 11. Nh3 a6 12. a4 Qe7 13. Nf2 Qf8 14. O-O h6 15. Be3 h5 16. h3 Nh7 17.
Rfe1 f5 18. a5 Ndf6 19. Bf4 h4 20. Bd3 Nh5 21. Ra4 Nxf4 22. Qxf4 g5 23. Qd2 f4 24. e5 Bxe5 25. Nfe4 Bd7 26. Ra3 Bd4+ 27. Kh2 Be5 28. Rb3 Rab8 29. Rb6 Qe7 30. Qc2 Nf6 31. Nxg5 Nxd5 32. Bh7+ Kh8 33. Qg6 Be6 34. Rxe5 dxe5 35. Rxe6 Qg7 36. Nf7+ 1-0

[Event "Early-Titled-Tuesday-Blitz-November-28-2023"]
[Site "Chess.com"]
[Date "2023.11.28"]
[Round "5"]
[White "Politov_Pavel"]
[Black "falzehope0"]
[Result "0-1"]
[WhiteElo "2122"]
[BlackElo "2357"]
[TimeControl "180+1"]
[EndTime "8:57:35 PST"]
[Termination "falzehope0 won on time"]

1. d4 e6 2. c4 d5 3. Nc3 f5 4.
cxd5 exd5 5. Nf3 c6 6. e3 Bd6 7.
Bd3 Nf6 8. Qc2 Ne4 9. Nd2 O-O 10. Nf3 Nd7 11. Bd2 Qf6 12. Ne2 Qh6 13. h3 Ndf6 14.
Rf1 Be6 15. O-O-O b5 16. Kb1 Rfc8 17. Ne5 c5 18. Bxb5 cxd4 19. exd4 f4 20. Bxf4 Qh5 21. Qd3 Rab8 22. g4 Qh4 23. Nf3 Qxh3 24. Bxd6 Nxd6 25.
Ba6 Bxg4 26. Bxc8 Rxc8 27. Ng3 h5 28. Rh1 Qg2 29. Ne5 Bxd1 30. Qxd1 Qxf2 31. Nxh5 Nde4 32. Nxf6+ Nxf6 0-1

[Event "Early-Titled-Tuesday-Blitz-November-28-2023"]
[Site "Chess.com"]
[Date "2023.11.28"]
[Round "5"]
[White "Felix-Rose"]
[Black "tandercat"]
[Result "1-0"]
[WhiteElo "2348"]
[BlackElo "2069"]
[TimeControl "180+1"]
[EndTime "8:57:36 PST"]
[Termination "Felix-Rose won on time"]

1. e4 c5 2. Nf3 Nc6 3. d4 cxd4 4. Nxd4 e5 5. Nb5 d6 6. N1c3 a6 7. Na3 Be7 8. Nc4 b5 9. Ne3 Nf6 10. Bd3 O-O 11. O-O Nb4 12. a3 Nxd3 13. Qxd3 Be6 14.
Ned5 Bxd5 15. Nxd5 Nxd5 16. Qxd5 Rc8 17. c3 Rc5 18.
Qd3 Qc8 19. Be3 Rc4 20. Rfd1 Qc6 21. f3 h6 22. Rd2 Rc8 23. Rad1 a5 24. Qd5 b4 25.
Qxc6 R8xc6 26. cxb4 axb4 27. a4 b3 28. Rd3 Rxa4 29.
Rxb3 Rc2 30. Rd2 Ra1+ 31. Kf2 Rxd2+ 32. Bxd2 Rd1 33. Bc3 d5 34. Ke2 Rg1 35. Kf2 Rd1 36.
Bxe5 dxe4 37. fxe4 Rd2+ 38. Kf3 Bg5 39. Rb8+ Kh7 40. Rb7 Kg6 41. b4 f6 42. Bg3 1-0

[Event "Early-Titled-Tuesday-Blitz-November-28-2023"]
[Site "Chess.com"]
[Date "2023.11.28"]
[Round "5"]
[White "Tartody"]
[Black "jcibarra"]
[Result "0-1"]
[WhiteElo "2614"]
[BlackElo "2906"]
[TimeControl "180+1"]
[EndTime "8:57:37 PST"]
[Termination "jcibarra won on time"]

1. g3 d5 2. Bg2 g6 3. d4 Nf6 4. c3 Bg7 5. Nf3 O-O 6. O-O c5 7. Ne5 Nc6 8. Nxc6 bxc6 9. dxc5 Ba6 10. Re1 e5 11. Na3 Qe7 12. b4 Ne4 13. c4 Rad8 14. cxd5 cxd5 15. Bxe4 dxe4 16. Qa4 Bc8 17. Nc4 f5 18. Nd6 Be6 19. b5 h5 20. h4 e3 21.
Bxe3 f4 22. Bd2 Bd5 23. f3 g5 24. Kg2 g4 25. Rad1 Qe6 26. Bc1 gxf3+ 27. exf3 Bxf3+ 28. Kg1 Bxd1 0-1

[Event "Early-Titled-Tuesday-Blitz-November-28-2023"]
[Site "Chess.com"]
[Date "2023.11.28"]
[Round "5"]
[White "Rakhmanov_Aleksandr"]
[Black "FontVella8"]
[Result "1-0"]
[WhiteElo "2838"]
[BlackElo "2599"]
[TimeControl "180+1"]
[EndTime "8:57:37 PST"]
[Termination "Rakhmanov_Aleksandr won by resignation"]

1. e4 c6 2. Nf3 d5 3. Nc3 dxe4 4.
Nxe4 Nf6 5. Qe2 Nxe4 6. Qxe4 Qa5 7. Bc4 Bf5 8. Qf4 e6 9. O-O Nd7 10. c3 Qc5 11. Bb3 Bd6 12. Qh4 O-O 13. d4 Qb6 14.
Re1 Qc7 15. Bg5 Rfe8 16. Rad1 h6 17. Bc1 Qd8 18. Qxd8 Raxd8 19. h3 g5 20. g4 Bg6 21. h4 h5 22. Bxg5 Be7 23. Bxe7 Rxe7 24. g5 Bf5 25. Ne5 Nxe5 26. Rxe5 Kg7 27. Rde1 Red7 28. Kh2 Kg6 29.
Kg3 b6 30. R1e2 c5 31. dxc5 bxc5 32. Rxc5 Rd3+ 33. f3 Rd2 34. Rce5 f6 35. gxf6 Kxf6 36. Kf2 Rxe2+ 37. Rxe2 e5 38. Bc2 Be6 39. b3 Rc8 40. c4 Rd8 41. Be4 Rd4 42. Ke1 Rd8 43. Rg2 a5 44. Rg6+ Kf7 45. Rg5 Kf6 46. Rxh5 a4 47. Rh6+ Kf7 48. bxa4 Bxc4 49. a5 Bxa2 50. a6 Rd7 51. Rh7+ 1-0

[Event "Early-Titled-Tuesday-Blitz-November-28-2023"]
[Site "Chess.com"]
[Date "2023.11.28"]
[Round "5"]
[White "Narek_Ghimoyan"]
[Black "SayonaraPonytail"]
[Result "0-1"]
[WhiteElo "2298"]
[BlackElo "2541"]
[TimeControl "180+1"]
[EndTime "8:57:38 PST"]
[Termination "SayonaraPonytail won by checkmate"]

1. e4 c6 2. d4 d5 3. exd5 cxd5 4.
Bd3 Nc6 5. c3 Nf6 6. Bf4 g6 7.
Nf3 Bg7 8. O-O O-O 9. Nbd2 Bg4 10. h3 Bxf3 11. Nxf3 Rc8 12. Ne5 e6 13. Nxc6 Rxc6 14. Re1 a6 15. a4 Ne8 16. a5 Nd6 17. Qb3 Qd7 18. Ra4 Rfc8 19. Rb4 R8c7 20. Ra1 Bf8 21. Rb6 Rxb6 22. Qxb6 Rc6 23. Qb3 Nc4 24. Ra4 Qc8 25. Bxc4 dxc4 26. Qc2 Qd7 27. Ra1 Qd5 28. f3 g5 29. Be5 Be7 30. Qd2 f6 31. Bg3 Kg7 32.
h4 h6 33. hxg5 hxg5 34. Re1 Qxa5 35. d5 Bc5+ 36. Kh1 Rc8 37. dxe6 Rh8+ 38. Bh2 Qc7 39. f4 Bd6 40. e7 Bxf4 41. Qxf4 Qxf4 42. e8=Q Qxh2# 0-1

[Event "Early-Titled-Tuesday-Blitz-November-28-2023"]
[Site "Chess.com"]
[Date "2023.11.28"]
[Round "5"]
[White "KejJaj"]
[Black "Tsomaia_Nikoloz"]
[Result "1-0"]
[WhiteElo "2168"]
[BlackElo "2357"]
[TimeControl "180+1"]
[EndTime "8:57:40 PST"]
[Termination "KejJaj won on time"]

1. d4 Nf6 2. Bf4 c5 3. d5 g6 4. Nc3 Bg7 5. e4 d6 6. a4 O-O 7. Nf3 Bg4 8. h3 Bxf3 9. Qxf3 Qb6 10. Rb1 Na6 11. Bc4 Nb4 12. Qe2 Nd7 13. O-O a6 14. Qd2 Qa5 15. Bh6 Bxh6 16. Qxh6 Nxc2 17. h4 Ne5 18.
Bb3 Nd4 19. Bd1 Rfb8 20. f4 Nc4 21. f5 Qd8 22. fxg6 hxg6 23. h5 Qf8 24. Qg5 Qg7 25.
Qxe7 Re8 26. Qxb7 Nd2 27. Rf4 Nxb1 28. Nxb1 Rab8 29. Qxa6 Qh6 30. Qxd6 Rxb2 31. Nc3 Rd2 32. hxg6 fxg6 33. Rg4 Kh7 34. Qd7+ Qg7 35. Qxe8 Nf3+ 36.
Bxf3 Qd4+ 37. Kh2 1-0

[Event "Early-Titled-Tuesday-Blitz-November-28-2023"]
[Site "Chess.com"]
[Date "2023.11.28"]
[Round "5"]
[White "Chemim21"]
[Black "SimplyDevina"]
[Result "1-0"]
[WhiteElo "2218"]
[BlackElo "2385"]
[TimeControl "180+1"]
[EndTime "8:57:41 PST"]
[Termination "Chemim21 won by resignation"]

1. d4 d5 2. Bf4 Nf6 3. e3 e6 4. Nd2 Bd6 5. Ngf3 O-O 6. Bd3 b6 7. c3 Bb7 8. Qc2 Nbd7 9. O-O Qe7 10. Ne5 c5 11. f3 Rac8 12. Rae1 Rfd8 13. Bg3 Nf8 14.
f4 Nh5 15. Qd1 Nxg3 16. hxg3 f5 17. g4 g6 18. gxf5 exf5 19. Qf3 Bxe5 20. fxe5 Ne6 21. Qg3 Kh8 22. Nf3 Rf8 23. Nh4 Qg7 24. Qh2 Rc7 25.
g4 fxg4 26. Nxg6+ Kg8 27. Nxf8 Nxf8 28. Qh5 Bc8 29. Rf6 g3 30. Ref1 g2 31. Rxf8+ Qxf8 32.
Rxf8+ Kxf8 33. Qh6+ Rg7 34. Qf6+ Rf7 35. Qh8+ Ke7 36.
Qxc8 1-0

[Event "Early-Titled-Tuesday-Blitz-November-28-2023"]
[Site "Chess.com"]
[Date "2023.11.28"]
[Round "5"]
[White "crazy_m_attack"]
[Black "M1711"]
[Result "0-1"]
[WhiteElo "2446"]
[BlackElo "2606"]
[TimeControl "180+1"]
[EndTime "8:57:42 PST"]
[Termination "M1711 won by resignation"]

1. d4 d5 2. Bf4 c5 3. e3 cxd4 4. exd4 Nc6 5. c3 f6 6. Nf3 g5 7. Bg3 Nh6 8. Bd3 Nf5 9. Qc2 e6 10. Nbd2 b6 11. O-O-O Kf7 12. Nf1 Bd7 13. Ne3 Nb4 14. Qb3 Nxd3+ 15. Rxd3 Bc6 16. Be5 Nxe3 17. Rxe3 Rg8 18. Bxf6 Kxf6 19. Ne5 Be8 20. Qd1 Kg7 21. Qg4 Qf6 22. Rf3 Qh6 23. h4 Kh8 24. Rfh3 gxh4+ 25. f4 Rxg4 26. Nxg4 Qxf4+ 27. Ne3 Bh6 28. Kb1 Bg6+ 29. Ka1 Qxe3 30. Rxe3 Bxe3 0-1

[Event "Early-Titled-Tuesday-Blitz-November-28-2023"]
[Site "Chess.com"]
[Date "2023.11.28"]
[Round "5"]
[White "nochewycandy"]
[Black "NovoselovRoman"]
[Result "1/2-1/2"]
[WhiteElo "2770"]
[BlackElo "2556"]
[TimeControl "180+1"]
[EndTime "8:57:43 PST"]
[Termination "Game drawn by repetition"]

1. e4 e6 2. Qe2 d5 3. exd5 Qxd5 4. Nc3 Qd8 5. g3 Nf6 6. Bg2 Be7 7. Nf3 O-O 8. d4 Nbd7 9. O-O c5 10. dxc5 Bxc5 11. Bf4 a6 12. Rfd1 Ra7 13. Ne5 Qe7 14. Nd3 Bd4 15. Ne4 e5 16. Bg5 h6 17. Nxf6+ Nxf6 18. Bxf6 Qxf6 19. c3 Bb6 20. Qxe5 Bxf2+ 21. Kh1 Qxe5 22.
Nxe5 Bb6 23. Nd7 Bxd7 24. Rxd7 Rb8 25. Rf1 f6 26. Bd5+ Kh8 27. Re1 Bc5 28. b4 b5 29.
Rxa7 Bxa7 30. Re6 Bb6 31. Kg2 a5 32. h4 axb4 33. cxb4 Bd4 34. h5 Bc3 35. Re4 f5 36. Rf4 Bd2 37. Rxf5 Bxb4 38. Bc6 Rc8 39. Bxb5 Rc2+ 40.
Kh3 Rxa2 41. Rf4 Be7 42. Re4 Ra7 43. Rc4 Ra8 44. Rc7 Bf6 45. Rd7 Rd8 46. Rb7 Ra8 47.
Bd3 Rd8 48. Be4 Rf8 49. Bg6 Rd8 50. Be4 Rf8 51. Bg6 Rd8 52. Be4 1/2-1/2

[Event "Early-Titled-Tuesday-Blitz-November-28-2023"]
[Site "Chess.com"]
[Date "2023.11.28"]
[Round "5"]
[White "Flaccidmoves"]
[Black "Bodhanas"]
[Result "1-0"]
[WhiteElo "2395"]
[BlackElo "2210"]
[TimeControl "180+1"]
[EndTime "8:57:43 PST"]
[Termination "Flaccidmoves won by resignation"]

1. d4 Nf6 2. c4 g6 3. Nc3 Bg7 4. e4 d6 5. Nf3 O-O 6. h3 Nbd7 7.
Be3 b6 8. Bd3 Bb7 9. O-O e5 10.
d5 Nh5 11. g3 f5 12. exf5 gxf5 13. Ng5 Nhf6 14. Bxf5 Qe7 15. Ne6 Rf7 16. Nxc7 Rc8 17. N7b5 Rxc4 18. Be6 a6 19. Na3 Rc8 20. Rc1 b5 21.
Nc2 Kh8 22. Bxf7 Qxf7 23. Qf3 Rf8 24. Rcd1 Qg6 25. Nb4 Nxd5 26. Qg4 Qxg4 27. hxg4 Nxb4 28. Rxd6 Nf6 29. Bc5 Nc6 30. g5 Ng4 31. Rd7 Bc8 32.
Rc7 Rd8 33. Rxc6 Bf5 34. Rd1 Rxd1+ 35. Nxd1 Kg8 36. Rc7 Be4 37. Ne3 Nxe3 38. Bxe3 Bf3 39. b3 e4 40. Ra7 Bc3 41. Rxa6 b4 42. Rb6 Be2 43. Bc5 Kf7 44. Bxb4 Bxb4 45. Rxb4 Bd3 46. a4 Kg6 47. a5 Kxg5 48. Rb6 Kg4 49. a6 Bxa6 50.
Rxa6 e3 51. fxe3 1-0

[Event "Early-Titled-Tuesday-Blitz-November-28-2023"]
[Site "Chess.com"]
[Date "2023.11.28"]
[Round "5"]
[White "Atousa1"]
[Black "Timerkhanov"]
[Result "0-1"]
[WhiteElo "2461"]
[BlackElo "2691"]
[TimeControl "180+1"]
[EndTime "8:57:46 PST"]
[Termination "Timerkhanov won by resignation"]

1. e4 c6 2. d4 d5 3. exd5 cxd5 4. Bd3 Nc6 5. c3 Nf6 6. Ne2 Bg4 7. f3 Bh5 8. O-O Bg6 9. Bf4 e6 10. b4 Bd6 11. Na3 a6 12. Nc2 Rc8 13. a4 Ne7 14. Bxd6 Qxd6 15. Ne3 O-O 16. Rc1 e5 17. Bxg6 hxg6 18.
dxe5 Qxe5 19. Qd4 Qd6 20. c4 Nc6 21. Qd1 Nxb4 22. cxd5 Nbxd5 23. Nxd5 Nxd5 24. Rxc8 Rxc8 25. Kh1 Qe5 26. Re1 Ne3 27. Qd2 Nc4 28. Qb4 b5 29.
axb5 axb5 30. Ng1 Qc5 31. Rb1 Na3 32. Qxc5 Rxc5 33. Rb3 Nc2 34. g3 b4 35. Kg2 Rb5 36.
Ne2 Re5 37. Kf2 Rxe2+ 38. Kg1 Re5 39. Rb2 Rc5 40. Kf2 Rc3 41. Ke2 b3 42. f4 Nd4+ 43. Kd2 Rc2+ 44. Rxc2 bxc2 0-1